 Dungeon Crawl Stone Soup version 0.18-a0-1685-g4482fe3 (webtiles) character file.

17 namelastname112 the Grasshopper (level 2, -1/25 HPs)
             Began as a Draconian Warper on Apr 4, 2016.
             Slain by a goblin
             ... wielding a cursed -3 dagger
             ... led by Robin
              (5 damage)
             ... on level 2 of the Dungeon.
             The game lasted 00:00:51 (677 turns).

namelastname112 the Grasshopper (Draconian Warper)   Turns: 677, Time: 00:00:52

Health: -1/25      AC:  4    Str: 13    XL:     2   Next: 44%
Magic:  5/5        EV: 12    Int: 13    God:
Gold:   165        SH:  0    Dex: 10    Spells: 2 memorised, 2 levels left

rFire  . . .     SeeInvis .     a - +0 short sword
rCold  . . .     Gourm    .     (armour unavailable)
rNeg   . . .     Faith    .     (no shield)
rPois  .         Spirit   .     (helmet restricted)
rElec  .         Dismiss  .     (no cloak)
rCorr  .         Reflect  .     (no gloves)
SustAt .         Harm     .     (no boots)
MR     .....                    (no amulet)
Stlth  +.........               (no ring)
                                (no ring)

@: not resistant to hostile enchantments, very unstealthy
A: unfitting armour, cold-blooded, AC +4
a: no special abilities


You were on level 2 of the Dungeon.
You were not hungry.

You visited 1 branch of the dungeon, and saw 2 of its levels.

You collected 165 gold pieces.

Inventory:

Hand Weapons
 a - a +0 short sword (weapon)
Missiles
 d - 5 tomahawks of dispersal (quivered)
Scrolls
 c - 2 scrolls of blinking
 g - 2 scrolls of identify {unknown}
 h - a scroll of enchant weapon {unknown}
 j - a scroll of magic mapping {unknown}
 n - a scroll of teleportation {unknown}
Potions
 e - a potion of invisibility {unknown}
 i - a potion of heal wounds {unknown}
 m - a potion of ambrosia {unknown}
Books
 b - a book of Spatial Translocations

   Spells                             Type                      Level
   a - Apportation                    Translocation                1
   b - Blink                          Translocation                2
   c - Shroud of Golubria             Charms/Translocation         2
   d - Portal Projectile              Translocation                3
   e - Teleport Other                 Translocation                3
   f - Passage of Golubria            Translocation                4
Comestibles
 f - 2 bread rations
 k - a meat ration
 l - 2 fruits


   Skills:
 + Level 2.9 Fighting
 - Level 2.0 Short Blades
 - Level 0.8 Throwing
 + Level 2.4 Dodging
 - Level 2.0 Spellcasting
 + Level 3.1 Translocations


You had 2 spell levels left.
You knew the following spells:

 Your Spells              Type           Power        Failure   Level  Hunger
a - Apportation           Tloc           #.........   10%         1    ##.....
c - Blink                 Tloc           N/A          12%         2    ###....


Dungeon Overview and Level Annotations

Branches:
Dungeon (2/15)

Altars:

Annotations:
D:2 Robin


Innate Abilities, Weirdness & Mutations

Your plain brown scales are hard (AC +4).
Your body does not fit into most forms of armour.
You are cold-blooded and may be slowed by cold attacks.


Message History

The goblin misses you. The rat completely misses you.
A goblin comes into view. It is wielding a dagger.
You closely miss the goblin.
The goblin shouts!
Robin throws the goblin at you! The kobold hits you with a club.
* * * LOW HITPOINT WARNING * * *
The rat bites you.
* * * LOW HITPOINT WARNING * * *
The goblin barely misses you. x2
A goblin comes into view. It is wielding a club.
You are too injured to fight recklessly!
You are too injured to fight recklessly!
You are too injured to fight recklessly!
You are too injured to fight recklessly!
You are too injured to fight recklessly!
You are too injured to fight recklessly!
You are too injured to fight recklessly!
You are too injured to fight recklessly!
Robin throws the goblin at you! The goblin hits you with a dagger.
You die...

####.##.......#
####.##.......#######
#.............#..... #≈
#.##.###.#.........# ..P
#.##..........#.##?#...P
...).#...##........#..#
#......#.###..#......>#
######...##....g.#.#.#
##.......#g@....#
#.........Kr.###
#####.<##)g.##
#..####g..# #..# ##ggg.
#..# ##g.# #..# .g #..#
# #..


You could see Robin, 4 goblins, a kobold and a rat.

Vanquished Creatures
  4 goblins
  3 hobgoblins
  A ball python (D:1)
  4 bats (D:1)
  A giant newt (D:1)
  3 rats (D:1)
16 creatures vanquished.

Notes
Turn   | Place    | Note
--------------------------------------------------------------
     0 | D:1      | namelastname112 the Draconian Warper began the quest for the Orb.
     0 | D:1      | Reached XP level 1. HP: 17/17 MP: 3/3
   303 | D:1      | Reached XP level 2. HP: 22/25 MP: 5/5
   307 | D:1      | Learned a level 2 spell: Blink
   669 | D:2      | Noticed Robin
   677 | D:2      | Slain by a goblin

Vault maps used:
D:1:      minmay_arrival_split_and_join, kennysheep_flooded_box
D:2:      first_bread, serial_bayou_lagoon_a, patterned_corridor, uniq_robin

Action                   || total
-------------------------++-------
Melee: Short sword       ||    69
